AoeStats
← 1791912749

Arena

509080011Analyzed
2v2 RM · 6d ago on Sep 25, 2026· 44m 0s· 4 players
Game mode
Random Map
Map size
Medium (4 player)
Population
200
Speed
Normal
Resources
Standard
Victory
Conquest
Starting age
Dark Age
Ending age
Imperial Age
RankedLock teamsTeams togetherTeam positionsShared explorationLock speedFull tech treeHidden civsTurbo modeCheats
Victory
Defeat
🇨🇳 Hindustanis · China
956
+16
🇹🇼 Britons · Taiwan
928
+16
🇨🇳 Koreans · China
948
-34
🇪🇬 Teutons · Egypt
943
-16
afimohkal
11:47 Feudal Age
13:46 Horse Collar
13:55 Double-Bit Axe
16:42 Castle Age
21:42 Stone Mining
22:01 Fletching
25:01 Gold Mining
29:04 Imperial Age
27:44 Bodkin Arrow
31:06 Scale Mail Armor
31:16 Forging
33:23 Crenellations
34:16 Wheelbarrow
33:26 Town Watch
34:07 Fortified Wall
34:18 Ballistics
35:29 Stone Shaft Mining
35:53 Squires
35:39 Arson
35:14 Pikeman
37:50 Iron Casting
37:30 Chain Mail Armor
40:34 Chemistry
39:59 Halberdier
42:23 Siege Engineers
1791912749
2:35 Loom
13:42 Feudal Age
15:01 Wheelbarrow
18:27 Horse Collar
18:35 Double-Bit Axe
19:31 Stone Mining
22:14 Castle Age
24:46 Heavy Plow
24:53 Arson
25:09 Squires
25:24 Forging
25:15 Scale Mail Armor
26:04 Stone Shaft Mining
26:22 Gold Mining
28:14 Hand Cart
28:40 Bow Saw
31:29 Gold Shaft Mining
32:31 Chain Mail Armor
32:52 Iron Casting
37:30 Imperial Age
39:44 Chemistry
39:04 Ballistics
38:38 Elite Fire Lancer
39:47 Eupseong
Longoooooo
11:12 Feudal Age
12:15 Loom
13:56 Wheelbarrow
13:39 Double-Bit Axe
18:19 Castle Age
16:32 Horse Collar
16:50 Gold Mining
18:16 Stone Mining
25:50 Town Watch
28:29 Crossbowman
32:51 Imperial Age
30:26 Fletching
32:31 Bodkin Arrow
32:36 Padded Archer Armor
32:52 Bow Saw
35:57 Chemistry
38:27 Bracer
39:14 Hand Cart
40:07 Two-Man Saw
38:58 Light Cavalry
40:14 Conscription
42:33 Arbalester
43:53 Leather Archer Armor
梅西中国行
0:27 Loom
10:33 Feudal Age
18:54 Castle Age
27:55 Imperial Age
25:31 Town Watch
25:47 Double-Bit Axe
26:35 Murder Holes
26:41 Horse Collar
27:48 Bow Saw
28:49 Wheelbarrow
28:52 Heavy Plow
30:08 Hand Cart
30:47 Town Patrol
31:55 Thumb Ring
33:24 Chemistry
32:45 Ballistics
32:58 Shatagni
33:35 Grand Trunk Road
34:04 Padded Archer Armor
33:55 Fletching
34:46 Conscription
34:35 Gold Mining
36:09 Two-Man Saw
35:54 Gold Shaft Mining
36:43 Hoardings
36:45 Stone Mining
37:11 Fortified Wall
37:12 Masonry
39:08 Caravan
39:44 Leather Archer Armor
39:25 Bodkin Arrow
43:51 Coinage
45:00 Ring Archer Armor
44:30 Bracer
Connection lost

Rejoining the realm…

Still unreachable

The connection could not be restored.

Session expired

The server has moved on; the page needs a fresh start.